Map: Eternal Empire LE

Players

Austera - Winner!

  • Race: Protoss Protoss
  • League: Master
  • Spawn Location: 1:00

Sulkosaurus

  • Race: Protoss Protoss
  • League: Platinum
  • Spawn Location: 7:00

VOD

Have the link to the VOD?

Description

Time

  • Played on: Feb. 6, 2020, 1:40 p.m.
  • Length: 7:40
Show
View Real Time Build Order
Export as new Build Order

Austera Protoss - Winner!

Build Orders: Zealot Archon 

Get SALT Encoding   

  12  0:00  Probe  
  13  0:13  Probe  
  14  0:17  Pylon  
  14  0:25  Probe (Chrono Boost)  
  16  0:37  Probe (Chrono Boost)  
  16  0:38  Gateway  
  16  0:43  Probe (Chrono Boost)  
  16  0:47  Assimilator  
  17  0:55  Assimilator, Probe (Chrono Boost)  
  18  1:07  Probe (Chrono Boost)  
  18  1:10  Gateway  
  19  1:14  Probe (Chrono Boost)  
  20  1:22  Probe  
  21  1:25  Cybernetics Core  
  21  1:34  Probe  
  21  1:37  Pylon  
  22  1:46  Probe  
  23  1:58  Probe  
  24  2:04  Stalker  
  24  2:05  Sentry  
  28  2:08  Warp Gate  
  28  2:26  Nexus  
  28  2:31  Pylon  
  28  2:41  Probe  
  29  2:45  Robotics Facility  
  29  2:53  Probe  
  29  2:54  Sentry  
  32  2:59  Stalker  
  32  3:05  Probe  
  35  3:11  Forge  
  35  3:20  Sentry  
  37  3:29  Stalker  
  39  3:38  Observer, Probe (Chrono Boost)  
  39  3:39  Pylon, Probe (Chrono Boost)  
  42  3:48  Probe x2 (Chrono Boost)  
  44  3:51  Protoss Ground Weapons Level 1 (Chrono Boost)  
  44  3:53  Probe x2 (Chrono Boost)  
  46  4:05  Probe  
  46  4:06  Probe  
  48  4:13  Immortal  
  48  4:15  Assimilator  
  52  4:17  Probe  
  52  4:20  Assimilator  
  52  4:22  Probe  
  54  4:29  Probe  
  54  4:31  Twilight Council  
  55  4:34  Probe  
  55  4:37  Pylon  
  56  4:40  Observer  
  56  4:41  Probe  
  57  4:46  Probe  
  57  4:48  Pylon  
  58  4:53  Probe  
  58  4:55  Immortal  
  63  5:04  Probe, Charge (Chrono Boost)  
  63  5:05  Probe  
  65  5:16  Probe  
  65  5:17  Probe  
  65  5:19  Pylon  
  67  5:22  Templar Archives  
  67  5:28  Gateway  
  67  5:30  Gateway  
  67  5:34  Gateway  
  67  5:40  Warp Prism  
  69  5:45  Gateway  
  69  5:56  Gateway  
  69  5:59  Gateway  
  69  6:05  Gateway  
  69  6:08  High Templar x2  
  73  6:13  Archon  
  73  6:25  Pylon  
  73  6:27  Pylon  
  73  6:43  Zealot x6  
  85  6:58  Pylon  
  85  6:59  High Templar x2  
  85  7:00  Zealot  
  91  7:02  Archon  
  91  7:04  High Templar x2  
  91  7:05  Zealot  
  91  7:06  Zealot x2  
  101  7:08  Archon  
  101  7:14  Pylon  
  101  7:16  Pylon  
  101  7:28  Zealot  
  101  7:29  Zealot x4  
Show
View Real Time Build Order
Export as new Build Order

Sulkosaurus Protoss 

Build Orders:  

Get SALT Encoding   

  12  0:00  Probe  
  13  0:13  Probe  
  14  0:18  Pylon  
  14  0:25  Probe  
  15  0:37  Probe (Chrono Boost)  
  15  0:39  Gateway  
  16  0:49  Assimilator, Probe (Chrono Boost)  
  17  0:54  Probe (Chrono Boost)  
  18  0:59  Assimilator  
  18  1:03  Probe (Chrono Boost)  
  19  1:15  Probe (Chrono Boost)  
  20  1:23  Probe (Chrono Boost)  
  21  1:25  Pylon  
  21  1:29  Probe  
  22  1:34  Gateway  
  22  1:41  Cybernetics Core  
  22  1:43  Probe  
  23  1:55  Probe  
  24  2:05  Pylon  
  24  2:07  Probe  
  25  2:17  Stalker  
  25  2:20  Probe  
  25  2:21  Warp Gate  
  30  2:32  Probe  
  30  2:38  Sentry  
  30  2:47  Probe  
  31  2:51  Nexus  
  31  2:54  Stalker  
  33  3:04  Probe  
  34  3:12  Shield Battery  
  34  3:14  Stalker  
  34  3:16  Probe  
  37  3:20  Pylon  
  37  3:28  Probe  
  38  3:38  Stalker  
  38  3:39  Pylon  
  40  3:42  Probe  
  40  3:47  Stalker  
  43  3:54  Probe  
  44  3:58  Robotics Facility  
  44  4:06  Probe  
  44  4:08  Probe  
  46  4:18  Assimilator, Probe  
  46  4:20  Probe  
  46  4:23  Assimilator  
  48  4:27  Stalker  
  48  4:30  Probe  
  51  4:32  Sentry  
  51  4:33  Probe  
  54  4:42  Probe  
  54  4:45  Probe  
  56  4:47  Twilight Council  
  56  4:48  Immortal  
  60  4:53  Phoenix  
  60  4:56  Probe  
  60  4:57  Forge  
  60  4:58  Probe  
  62  5:08  Probe  
  62  5:09  Stalker  
  62  5:10  Stalker, Probe  
  68  5:21  Probe  
  69  5:22  Probe  
  70  5:31  Nexus  
  70  5:35  Pylon  
  70  5:39  Pylon  
  70  5:53  Charge, Probe x2  
  72  5:58  Gateway  
  72  6:04  Immortal  
  72  6:05  Probe x2  
  78  6:12  Gateway  
  78  6:15  Stalker  
  80  6:18  Stalker  
  80  6:21  Phoenix  
  82  6:31  Probe x2  
  84  6:40  Pylon  
  84  6:42  Stalker  
  84  6:43  Stalker, Probe x2  
  84  6:44  Pylon  
  84  6:46  Assimilator  
  90  6:51  Assimilator, Probe  
  91  6:55  Probe x2  
  91  6:58  Immortal  
  97  7:03  Probe  
  97  7:06  Gateway  
  98  7:09  Gateway, Probe x2  
Tags
 
Composition
Zealot Archon
Matchup
PvP
Spawn Locations
Cross Positions
Add a new tag
Caveats
  • Supply blocks, unpowered buildings, or Contaminate may cause inaccurate times.
  • Supply counts are checked every 10 seconds.